 Dungeon Crawl Stone Soup version 0.29.0-11-gd7f09526c8 (webtiles) character file.

Game seed: 14959080431954942675

2667 keekatzer the Ruffian (level 9, -4/84 HPs)
             Began as a Troll Transmuter on Sept 6, 2022.
             Was a Believer of Dithmenos.
             Killed from afar by a manticore (14 damage)
             ... with a volley of spikes
             ... on level 7 of the Dungeon.
             The game lasted 00:32:20 (4681 turns).

keekatzer the Ruffian (Troll Transmuter)            Turns: 4681, Time: 00:32:21

Health: -4/84      AC: 13    Str: 26    XL:     9   Next: 37%
Magic:  12/12      EV: 11    Int:  9    God:    Dithmenos [**....]
Gold:   435        SH:  0    Dex: 14    Spells: 7/14 levels left

rFire   . . .      SeeInvis .     - Unarmed
rCold   . . .      Faith    +   (no shield)
rNeg    . . .      Spirit   .   x - +0 robe
rPois   .          Reflect  .   m - +2 hood of the Assassin {Detection Stab+ Stlth++}
rElec   .          Harm     .   t - +2 cloak
rCorr   .          Rampage  .   (gloves unavailable)
Will    .....                   (boots unavailable)
Stlth   ++++......              g - amulet of faith
HPRegen 1.04/turn               e - +4 ring of protection
MPRegen 0.13/turn               F - +6 ring of strength

@: confused, ambrosia-drunk, wereblooded, spiked, flying, wreathed by umbra
A: large, unfitting armour, claws 3, regeneration 1, shaggy fur 1, tough skin 1
a: Renounce Religion, Shadow Step


You were on level 7 of the Dungeon.
You worshipped Dithmenos.
Dithmenos was pleased with you.
You visited 1 branch of the dungeon, and saw 7 of its levels.

You collected 435 gold pieces.

Inventory:

Hand Weapons
 p - a +5 short sword of speed
 s - a +4 quarterstaff of chaos
 A - a +1 dire flail of holy wrath
 C - the +6 shillelagh "Devastator" {shatter}
   (You found it on level 4 of the Dungeon)

   It releases a powerful concussive burst when it strikes, dealing extra damage
   to the target and all other foes adjacent to them.
Missiles
 D - 3 large rocks
Armour
 m - the +2 hood of the Assassin (worn) {Detection Stab+ Stlth++}
   (You found it on level 2 of the Dungeon)

   It allows the wearer to sense nearby creatures.
   It allows the wearer to make particularly effective stabbing attacks against
   helpless or unaware enemies with any weapon.
   Stlth:     It makes you much more stealthy.
 t - a +2 cloak (worn)
 x - a +0 robe (worn)
Jewellery
 e - a +4 ring of protection (left claw)
 g - an amulet of faith (around neck)
 F - a +6 ring of strength (right claw)
Wands
 u - a wand of flame (28)
 G - a wand of light (12)
Scrolls
 c - 3 scrolls of blinking {unknown}
 d - 4 scrolls of teleportation {unknown}
 f - 2 scrolls of butterflies {unknown}
 i - a scroll of amnesia {unknown}
 j - 2 scrolls of immolation {unknown}
 n - a scroll of summoning {unknown}
 r - 5 scrolls of identify {unknown}
 v - 3 scrolls of fear {unknown}
 y - a scroll of enchant armour {unknown}
Potions
 a - a potion of brilliance {unknown}
 b - 2 potions of lignification
 h - 3 potions of curing
 k - a potion of flight
 l - a potion of might {unknown}
 o - a potion of magic {unknown}
 q - a potion of ambrosia
 w - a potion of invisibility {unknown}
 z - a potion of mutation {unknown}
 B - a potion of haste {unknown}
 E - a potion of heal wounds {unknown}


   Skills:
 + Level 4.0 Fighting
 + Level 4.3 Dodging
 + Level 2.6 Stealth
 + Level 5.7 Unarmed Combat
 - Level 3.0 Spellcasting
 * Level 4.2 Transmutations
 * Level 3.3 Ice Magic


You had 7 spell levels left.
You knew the following spells:

 Your Spells              Type           Power      Damage    Failure   Level
a - Beastly Appendage     Tmut           16%        N/A       5%          1
b - Wereblood             Tmut           8%         N/A       9%          2
c - Ice Form              Ice/Tmut       8%         N/A       54%         4

Your spell library contained the following spells:

 Spells                   Type           Power      Damage    Failure   Level
 Magic Dart               Conj           4%         1d3       30%         1
 Spider Form              Tmut/Pois      5%         N/A       36%         3
 Call Imp                 Summ           1%         N/A       41%         2
 Searing Ray              Conj           2%         2d4       41%         2
 Call Canine Familiar     Summ           1%         N/A       65%         3
 Mephitic Cloud           Conj/Pois/Air  1%         N/A       65%         3
 Portal Projectile        Hex/Tloc       2%         N/A       65%         3
 Summon Ice Beast         Ice/Summ       4%         N/A       83%         4
 Fulminant Prism          Conj/Hex       0%         3d6       96%         4
 Leda's Liquefaction      Hex/Erth       0%         N/A       96%         4
 Lehudib's Crystal Spear  Conj/Erth      0%         10d2      100%        8


Dungeon Overview and Level Annotations

Branches:
Dungeon (7/15)             Temple (0/1) D:4

Altars:
Cheibriados
Dithmenos
Fedhas
Gozag
Kikubaaqudgha
Okawaru
Wu Jian
Yredelemnul
The Shining One

Shops:
D:3 :   D:6 :   D:7 [


Innate Abilities, Weirdness & Mutations

You are too large for most types of armour.
You have claws for hands.
Your natural rate of healing is unusually fast.
You are covered in fur. (AC +1)
You have tough skin. (AC +1)


Message History

The manticore is lightly wounded.
You carefully extract the barbed spikes from your body.
The manticore barely misses you. The manticore claws you! x2
The slime creature misses you. The gnoll barely misses you.
The slime creature hits you!
You closely miss the manticore.
The manticore is lightly wounded.
The slime creature attacks as you move away!
The slime creature hits you. The manticore attacks as you move away!
The manticore bites you!
* * * LOW HITPOINT WARNING * * *
The manticore claws you but does no damage.
The manticore closely misses you.
The slime creature attacks as you move away!
The slime creature hits you!
* * * LOW HITPOINT WARNING * * *
It was a potion of curing.
You feel better. The manticore bites you!
* * * LOW HITPOINT WARNING * * *
The manticore claws you but does no damage.
The manticore claws you.
* * * LOW HITPOINT WARNING * * *
The gnoll hits you but does no damage.
It was a potion of flight.
You feel very buoyant.
You fly up into the air.
The manticore barely misses you. The manticore closely misses you.
The manticore claws you but does no damage.
The gnoll hits you but does no damage.
It was a potion of ambrosia.
You are confused.
You feel invigorated.
The manticore bites you but does no damage.
The manticore claws you but does no damage.
The manticore barely misses you.
The gnoll hits you from afar with a +4 spear.
* * * LOW HITPOINT WARNING * * *
The manticore flicks its tail.
The volley of spikes hits you!
The barbed spikes become lodged in your body.
You die...

....# #.#♣.(.♣ ♣♣
....# #.#♣...♣♣♣.♣
....# #.........♣♣
....# #.#♣...♣♣♣.♣
♣♣ ###.#
#.#♣...♣#.♣♣♣.# #.#
#.#♣...♣#.....# #.#
#.#♣...♣#.....#
#.###.#♣♣.♣♣#.....#
#...#.# ♣.♣ #♣@..♣#
###.#.# ♣.♣ ♣♣.♣♣
#...# ### #H# #####


♣JJg♣ ♣.~g9.♣ ~.#~~~#.~ ~.♣.~~~.♣.~ ♣.♣♣♣...♣♣♣.♣ ######### ## You could see a
slime creature, a manticore, a gargoyle and 2 gnolls.

Vanquished Creatures
  A hornet (D:7)
  Prince Ribbit (D:6)
  Grinder (D:5)
  Sigmund (D:3)
  Edmund (D:4)
  4 ogres
  A centaur (D:6)
  A phantom (D:4)
  2 kobold brigands
  2 bullfrogs (D:7)
  A gnoll sergeant (D:7)
  2 necrophages
  2 scorpions
  2 jellies (D:6)
  4 hounds
  Crazy Yiuf (D:2)
  Terence (D:1)
  4 iguanas
  2 orc wizards (D:5)
  Robin (D:1)
  14 gnolls
  2 river rats (D:5)
  11 adders
  A shadow imp (D:5)
  A white imp (D:6)
  An ufetubus (D:5)
  3 dart slugs
  8 orcs
  4 ball pythons
  5 endoplasms
  3 giant cockroaches
  10 hobgoblins
  21 kobolds
  6 quokkas
  3 bats
  3 frilled lizards
  9 goblins
  14 rats
154 creatures vanquished.

Vanquished Creatures (others)
  A fungus (D:2)
1 creature vanquished.

Grand Total: 155 creatures vanquished

Notes
Turn   | Place    | Note
-------+----------+-------------------------------------------
     0 | D:1      | keekatzer the Troll Transmuter began the quest for the Orb.
     0 | D:1      | Reached XP level 1. HP: 18/18 MP: 1/1
   215 | D:1      | Reached skill level 1 in Fighting
   231 | D:1      | Reached XP level 2. HP: 27/27 MP: 3/3
   576 | D:2      | Noticed Robin
   576 | D:2      | Noticed Terence
   628 | D:1      | Killed Terence
   629 | D:1      | Reached XP level 3. HP: 25/33 MP: 4/4
   648 | D:1      | Learned a level 2 spell: Wereblood
   680 | D:1      | Killed Robin
   681 | D:1      | Reached XP level 4. HP: 23/41 MP: 3/5
   702 | D:2      | Found a faded altar of an unknown god.
   704 | D:2      | Found the +2 hood of the Assassin {Detection Stab+ Stlth++}
  1186 | D:2      | Found a runed translucent door.
  1187 | D:2      | Noticed Crazy Yiuf
  1199 | D:2      | Killed Crazy Yiuf
  1331 | D:3      | Reached XP level 5. HP: 45/49 MP: 6/6
  1415 | D:3      | Found Gyiviw's Book Shoppe.
  1579 | D:3      | Noticed Sigmund
  1589 | D:3      | Killed Sigmund
  1590 | D:3      | Reached skill level 4 in Unarmed Combat
  1590 | D:3      | Reached XP level 6. HP: 50/57 MP: 6/8
  1719 | D:3      | Reached skill level 1 in Stealth
  1829 | D:4      | You fall into a shaft and drop 2 floors!
  1862 | D:6      | Found a blossoming altar of Fedhas.
  1902 | D:6      | Reached skill level 1 in Ice Magic
  1922 | D:6      | Reached XP level 7. HP: 66/66 MP: 7/9
  2035 | D:6      | Found a shadowy altar of Dithmenos.
  2071 | D:6      | Became a worshipper of Dithmenos the Shadowed
  2077 | D:6      | Learned a level 4 spell: Ice Form
  2106 | D:6      | Found a basalt altar of Yredelemnul.
  2185 | D:5      | Entered Level 5 of the Dungeon
  2320 | D:5      | Found an ancient bone altar of Kikubaaqudgha.
  2399 | D:4      | Found an ornate altar of the Wu Jian Council.
  2440 | D:4      | Found an iron altar of Okawaru.
  2531 | D:5      | Noticed Grinder
  2544 | D:5      | Paralysed by Grinder for 5 turns
  2550 | D:5      | Killed Grinder
  2551 | D:5      | Reached XP level 8. HP: 56/75 MP: 10/10
  2859 | D:5      | Reached * piety under Dithmenos
  3136 | D:4      | Found a glowing golden altar of the Shining One.
  3150 | D:4      | Noticed Edmund
  3162 | D:4      | Killed Edmund
  3225 | D:4      | Got the Papyrus of Ice and Arcane Weapons
  3339 | D:4      | Found a staircase to the Ecumenical Temple.
  3372 | D:4      | Found the +6 shillelagh "Devastator" {shatter}
  3401 | D:4      | Reached skill level 5 in Unarmed Combat
  3753 | D:6      | Found Coty's Tremendous Tomes.
  4234 | D:6      | Noticed Prince Ribbit
  4245 | D:6      | Killed Prince Ribbit
  4246 | D:6      | Reached XP level 9. HP: 79/84 MP: 12/12
  4275 | D:6      | Reached ** piety under Dithmenos
  4563 | D:7      | Found an opulent altar of Gozag.
  4564 | D:7      | Found Cheibriados's Comfort Zone.
  4566 | D:7      | Found a snail-covered altar of Cheibriados.
  4664 | D:7      | Noticed a manticore
  4666 | D:7      | Noticed a gargoyle
  4677 | D:7      | HP: 3/84 [slime creature (15)]
  4681 | D:7      | Killed from afar by a manticore

Illustrated notes

Levels and vault maps discovered:
D:1:      minmay_arrival_hallway, layout_loops_ring
D:2:      minmay_wonky_spiral, layout_basic,
          hellmonk_ecumenical_altar_heavens_door, kennysheep_generic_room_4,
          uniq_crazy_yiuf_cottage, uniq_robin, uniq_terence
D:3:      layout_basic, serial_shops, shop, kennysheep_pointless_box,
          uniq_sigmund
D:4:      layout_basic, mainiacjoe_overflow_chevrons, tso_oasis_becter,
          old_standard_altar, minmay_temple_entry_tees,
          dilly_guarded_unrand_devastator, uniq_edmund
D:5:      layout_basic, mainiacjoe_overflow_brackets, portal_sewer_entry_e,
          uniq_grinder
D:6:      layout_basic, fedhas_altar_4, grunt_dithmenos_smoke,
          kennysheep_little_box, small_statue_intersection,
          nicolae_shop_i_like_big_books, chequers_serial_rivers_micro_a,
          uniq_prince_ribbit1
D:7:      nzn_winding_woodlands_three_and_one [nzn_winding_woodlands_5x15_pool,
          nzn_winding_woodlands_5x15_parted, nzn_winding_woodlands_5x15_default,
          nzn_winding_woodlands_center_triple_pond], layout_basic,
          nicolae_gozag_seed_capital, serial_shops, shop, minmay_shop_chei,
          uniq_duvessa

Skill      XL: |  1  2  3  4  5  6  7  8  9 |
---------------+----------------------------+-----
Fighting       | 1 2 3 4 |  4.0
Dodging        | 2 3 4 |  4.3
Transmutations | 2 3 4 |  4.2
Unarmed Combat | 4 5 |  5.7
Spellcasting   | 2 3 |  3.0
Stealth        | 1 2 |  2.6
Ice Magic      | 1 2 3 |  3.3

Action                   |  1- 3 |  4- 6 |  7- 9 || total
-------------------------+-------+-------+-------++-------
Melee: Unarmed           |    85 |   149 |   244 ||   478
       Kick              |     3 |     2 |    11 ||    16
       Punch             |       |     2 |     7 ||     9
       Headbutt          |       |     2 |     6 ||     8
 Cast: Beastly Appendage |     6 |     4 |     5 ||    15
       Wereblood         |     1 |     1 |     3 ||     5
  Use: Potion            |       |       |     3 ||     3
 Stab: Sleeping          |     1 |    12 |    20 ||    33
Armor: Robe              |    86 |    63 |   117 ||   266
Dodge: Dodged            |    96 |    64 |   145 ||   305
